 Dungeon Crawl Stone Soup version 0.30-a0-883-g5ad918d77d (webtiles) character file.

Game seed: 11033665903389341863

2214 bmack86 the Cleaver (level 9, 0/78 HPs)
             Began as a Minotaur Fighter on Mar 16, 2023.
             Was a Follower of Okawaru.
             Slain by a hornet (3 damage)
             ... while paralysed by a hornet
             ... on level 7 of the Dungeon.
             The game lasted 00:20:14 (6664 turns).

bmack86 the Cleaver (Minotaur Fighter)              Turns: 6664, Time: 00:20:15

Health: 0/78       AC: 11    Str: 25    XL:     9   Next: 13%
Magic:  9/9        EV:  2    Int: 11    God:    Okawaru [*.....]
Gold:   446        SH:  0    Dex: 16    Spells: 8/8 levels left

rFire   . . .      SeeInvis .    a - +0 war axe
rCold   . . .      Faith    .    c - +1 buckler
rNeg    . . .      Spirit   .    u - +0 chain mail
rPois   .          Reflect  .    (helmet restricted)
rElec   .          Rampage  .    (no cloak)
rCorr   .                        x - +0 pair of gloves
Will    .....                    (no boots) Stlth
                                 (no amulet)
HPRegen 0.33/turn                e - +6 ring of dexterity
MPRegen 0.11/turn                D - +6 ring of intelligence

@: paralysed, lethally poisoned (0 -> -19), slowed
A: horns 2, retaliatory headbutt
a: Renounce Religion, Heroism


You were on level 7 of the Dungeon.
You worshipped Okawaru.
Okawaru was aware of your devotion.
You visited 2 branches of the dungeon, and saw 8 of its levels.
You also visited: Sewer.

You collected 476 gold pieces.
You spent 30 gold pieces at shops.

Inventory:

Hand Weapons
 a - a +0 war axe (weapon)
Missiles
 f - 13 poisoned darts (quivered)
 g - a throwing net
 t - 3 curare-tipped darts
Armour
 b - a +0 scale mail
 c - a +1 buckler (worn)
 u - a +0 chain mail (worn)
 x - a +0 pair of gloves (worn)
 F - a +0 tower shield
Jewellery
 e - a +6 ring of dexterity (left hand)
 r - a ring of fire
 D - a +6 ring of intelligence (right hand)
Wands
 m - a wand of acid (10)
 s - a wand of flame (16)
Scrolls
 h - a scroll of noise
 j - a scroll of blinking
 n - a scroll of amnesia
 p - 3 scrolls of fog
 v - 2 scrolls of teleportation
 y - a scroll of fear
 E - 3 scrolls of magic mapping
Potions
 d - 2 potions of might
 i - a potion of mutation
 k - a potion of attraction
 l - 3 potions of heal wounds {unknown}
 o - a potion of ambrosia
 q - 3 potions of magic
 w - a potion of degeneration {unknown}
 z - a potion of cancellation {unknown}
 A - 4 potions of resistance
 B - a potion of brilliance
 C - 2 potions of haste {unknown}


   Skills:
 + Level 6.9 Fighting
 * Level 8.6 Axes
 + Level 4.5 Throwing
 + Level 6.9 Armour
 + Level 6.9 Shields
 + Level 1.6 Invocations


You had 8 spell levels left.
You didn't know any spells.
Your spell library contained the following spells:

 Spells                   Type           Power      Damage    Failure   Level
 Portal Projectile        Hex/Tloc       0%         N/A       100%        3
 Blade Hands              Tmut           0%         N/A       100%        5
 Tukima's Dance           Hex            Unusable   N/A       N/A         3

Dungeon Overview and Level Annotations

Branches:
Dungeon (7/15)             Temple (1/1) D:7           Sewer (visited)

Altars:
Cheibriados
Elyvilon
Gozag
Hepliaklqana
Kikubaaqudgha
Makhleb
Okawaru
Qazlal
Trog
Uskayaw
Vehumet
Wu Jian
Xom
Zin
The Shining One
Lugonu

Shops:
D:1 *=?!   D:3 *   D:5 :   D:6 *


Innate Abilities, Weirdness & Mutations

You have a pair of horns on your head.
You reflexively headbutt those who attack you in melee.


Message History

You closely miss the hornet.
The hornet is moderately wounded.
You feel yourself speed up.
You feel very sick. The hornet stings you.
You are more poisoned.
You feel yourself slow down.
The hornet stings you but does no damage.
You hit the hornet.
The hornet is heavily wounded.
You feel yourself speed up.
You feel extremely sick.
The hornet stings you but does no damage.
The hornet stings you!
You feel yourself slow down. The hornet stings you.
You suddenly lose the ability to move!
You can move again.
You miss the hornet.
The hornet is moderately wounded.
You feel very sick. You block the hornet's attack.
The hornet stings you but does no damage.
You miss the hornet.
The hornet is moderately wounded.
You feel yourself speed up.
You feel very sick.
You block the hornet's attack. x2; The hornet stings you!
* * * LOW HITPOINT WARNING * * *
You are more poisoned.
You feel yourself slow down.
You slash the hornet!
The hornet is severely wounded.
You feel very sick. You block the hornet's attack. The hornet stings you!
* * * LOW HITPOINT WARNING * * *
You are more poisoned.
You suddenly lose the ability to move!
* * * LOW HITPOINT WARNING * * *
You feel very sick. The hornet stings you.
You die...

.....#
#.......####
#.......
.....#
##.......#
########
...)..
.........#
.........#
###......)#
#.......#
######.##
####.#
#..y@#
#....#
#....#
#....#
#.....
####.# #..
..#


You could see a hornet.

Vanquished Creatures
  A wyvern (D:6)
  2 water moccasins (D:6)
  Pargi (D:4)
  2 centaurs (D:7)
  4 kobold brigands
  3 scorpions
  A bullfrog (D:7)
  11 killer bees
  A howler monkey (D:7)
  4 hounds
  2 orc priests (D:7)
  3 iguanas
  A sleepcap (D:7)
  Natasha (D:2)
  An orc wizard (D:3)
  3 gnolls (D:4)
  7 adders
  2 white imps
  2 ufetubi (D:6)
  4 worms
  A dart slug (D:1)
  14 orcs
  7 ball pythons
  4 bats
  8 endoplasms
  5 giant cockroaches
  7 goblins
  9 hobgoblins
  5 quokkas
  6 frilled lizards
  12 kobolds
  15 rats
149 creatures vanquished.

Vanquished Creatures (others)
  2 demonic plants (Temple)
  A fungus (Sewer)
  4 plants (Sewer)
7 creatures vanquished.

Grand Total: 156 creatures vanquished

Notes
Turn   | Place    | Note
-------+----------+-------------------------------------------
     0 | D:1      | bmack86 the Minotaur Fighter began the quest for the Orb.
     0 | D:1      | Reached XP level 1. HP: 19/19 MP: 0/0
    89 | D:1      | Found Ziuzus's Assorted Antiques.
   223 | D:1      | Found Nede's Distillery.
   345 | D:1      | Reached XP level 2. HP: 27/27 MP: 1/1
   407 | D:1      | Found Xeewk's Assorted Antiques.
   516 | D:1      | Found Evatt's Magic Scroll Boutique.
   537 | D:1      | Reached skill level 3 in Axes
   725 | D:1      | Found Feur's Jewellery Shoppe.
  1021 | D:1      | Bought a scroll labelled QAECSATUYF for 30 gold pieces
  1058 | D:2      | Found a burning altar of Makhleb.
  1068 | D:2      | Reached skill level 1 in Throwing
  1068 | D:2      | Reached XP level 3. HP: 33/33 MP: 2/2
  1366 | D:2      | Noticed Natasha
  1372 | D:2      | Killed Natasha
  1373 | D:2      | Reached XP level 4. HP: 39/40 MP: 3/3
  1799 | D:3      | Reached skill level 4 in Axes
  1895 | D:3      | Reached XP level 5. HP: 45/47 MP: 4/4
  2185 | D:3      | Noticed a +0 hand axe
  2186 | D:3      | Noticed a +0 hand axe
  2192 | D:3      | Found a hide-covered altar of Uskayaw.
  2535 | D:3      | Found Kaelario's General Store.
  2679 | D:4      | Noticed Pargi
  2690 | D:4      | Killed Pargi
  2691 | D:4      | Reached XP level 6. HP: 33/53 MP: 5/5
  2954 | D:4      | Reached skill level 5 in Axes
  3082 | D:4      | Reached skill level 5 in Shields
  3280 | D:4      | Reached skill level 5 in Fighting
  3280 | D:4      | Reached skill level 5 in Armour
  3595 | D:4      | Reached XP level 7. HP: 57/61 MP: 6/6
  3637 | D:4      | Identified the +2 mace "Ciuxtonk" {flame, rPois Will-
                  | Dex+4}
  3771 | D:5      | Entered Level 5 of the Dungeon
  3932 | D:5      | Found Amomez's Book Emporium.
  4065 | D:5      | Found a white marble altar of Elyvilon.
  4291 | D:5      | Found a burning altar of Makhleb.
  4398 | D:5      | Found a glowing golden altar of the Shining One.
  4568 | D:6      | Reached skill level 6 in Axes
  4675 | D:6      | Found Zin's Purification Station.
  4678 | D:6      | Found a glowing silver altar of Zin.
  4696 | D:6      | Found a stormy altar of Qazlal.
  4720 | D:6      | Noticed a wyvern
  4726 | D:6      | Killed a wyvern
  4811 | D:6      | Reached XP level 8. HP: 30/70 MP: 7/7
  4812 | D:6      | Reached skill level 7 in Axes
  4893 | D:6      | Found a glowing drain.
  4897 | Sewer    | Entered a sewer
  5652 | D:6      | Found a shimmering altar of Xom.
  5897 | D:7      | Found a staircase to the Ecumenical Temple.
  5907 | Temple   | Entered the Ecumenical Temple
  6118 | Temple   | Became a worshipper of Warmaster Okawaru
  6139 | D:7      | Reached skill level 8 in Axes
  6261 | D:7      | Reached skill level 1 in Invocations
  6332 | D:7      | Found an opulent altar of Gozag.
  6445 | D:7      | Reached XP level 9. HP: 71/78 MP: 7/9
  6496 | D:7      | Reached * piety under Okawaru
  6660 | D:7      | Paralysed by a hornet for 1 turns
  6663 | D:7      | Paralysed by a hornet for 3 turns
  6664 | D:7      | HP: 3/78 [poisoned by a hornet]
  6664 | D:7      | Slain by a hornet

Illustrated notes

Levels and vault maps discovered:
D:1:      dpeg_arrival_more_subterranean_lakeside_camping, layout_loops_corners,
          serial_shops, nicolae_shop_trees, shop_statue, shop,
          nicolae_shop_hallway_plus, shop
D:2:      layout_basic, basic_altar, grunt_ministairs_5, uniq_natasha
D:3:      layout_loops_ring, dancing_weapons_uskayaw, serial_shops,
          nicolae_shop_hallway_stairs, grunt_ministairs_7,
          minmay_misc_feat_rugged, bh_walls_and_bars
D:4:      layout_cave_pods, uniq_pargi
D:5:      layout_loops_cross, mainiacjoe_overflow_alcove_2,
          lemuel_coloured_pillars_altar, nicolae_elyvilon_temple_path,
          serial_shops, shop
D:6:      layout_rooms, mainiacjoe_overflow_concentric_impassable, zin_purify,
          mainiacjoe_overflow_chevrons, gup_sewer_entry_spiral
D:7:      layout_basic, nicolae_overflow_crystal_walls, general_overflow_altar,
          nicolae_gozag_cash_rules_everything_around_me,
          minmay_temple_entry_junction
Temple:   corrupted_temple

Skill      XL: |  1  2  3  4  5  6  7  8 |
---------------+-------------------------+-----
Axes           | 3 4 5 6 8 |  8.6
Fighting       | 4 5 6 |  6.9
Throwing       | 1 2 3 4 |  4.5
Armour         | 4 5 6 |  6.9
Shields        | 4 5 6 |  6.9
Invocations    | 1 |  1.6

Action                     |  1- 3 |  4- 6 |  7- 9 || total
---------------------------+-------+-------+-------++-------
  Melee: War axe           |    67 |   112 |   191 ||   370
         Headbutt          |     7 |    15 |    26 ||    48
  Throw: Dart              |       |     2 |     4 ||     6
    Use: Scroll            |     4 |     9 |     4 ||    17
         Potion            |       |       |     2 ||     2
 Armour: Scale mail        |    40 |    54 |     7 ||   101
         Chain mail        |       |       |   127 ||   127
  Dodge: Dodged            |    33 |    60 |    83 ||   176
  Block: Buckler           |    20 |    28 |    88 ||   136

Table legend: (Time is in decaauts)
 A = Elapsed time spent in this place.
 B = Non-inter-level travel time spent in this place.
 C = Inter-level travel time spent in this place.
 D = Time resting spent in this place.
 E = Time spent auto-exploring this place.
 F = Levels seen in this place.
 G = Mean time per level.
                   A        B        C        D        E       F      G
               +--------+--------+--------+--------+--------+-----+--------+
         Total |   6837 |   6547 |    290 |    639 |   3991 |   9 |  759.7 |
       Dungeon |   5915 |   5625 |    290 |    139 |   3943 |   7 |  845.0 |
        Temple |    233 |    233 |      0 |    185 |      5 |   1 |  233.0 |
         Sewer |    688 |    688 |      0 |    315 |     43 |   1 |  688.0 |
               +--------+--------+--------+--------+--------+-----+--------+

Top non-repeatable levels by time:
     D:4: 1133 daAuts
     D:1: 1067 daAuts
     D:3: 895 daAuts
     D:5: 782 daAuts
     D:2: 739 daAuts
     D:6: 692 daAuts
   Sewer: 688 daAuts
     D:7: 603 daAuts
  Temple: 233 daAuts
